 Dungeon Crawl Stone Soup version 0.31-a0-889-g1a8549509d (webtiles) character file.

Game seed: 11202212811997887246

73 Azuregosa the Sneak (level 4, -5/27 HPs)
             Began as an Octopode Delver on Oct 16, 2023.
             Was a Follower of Hepliaklqana.
             Slain by Crazy Yiuf
             ... wielding a +2 quarterstaff of chaos
              (12 damage)
             ... on level 2 of the Dungeon.
             The game lasted 00:08:44 (1953 turns).

Azuregosa the Sneak (Octopode Delver)               Turns: 1953, Time: 00:08:46

Health: -5/27      AC:  1    Str: 11    XL:     4   Next: 27%
Magic:  4/4        EV: 15    Int: 12    God:    Hepliaklqana [*.....]
Gold:   43         SH:  0    Dex: 15    Spells: 3/3 levels left

rFire   + . .        a - +0 mace
rCold   . . .        (no shield)
rNeg    . . .        p - +0 hat
rPois   .            (no amulet)
rElec   .            u - ring of protection from fire
rCorr   .            (no ring)
SInv    .            (no ring)
Will    .....        (no ring)
Stlth   ++++         (no ring)
HPRegen 0.24/turn    (no ring)
MPRegen 0.09/turn    (no ring)
                     (no ring)

%: no passive effects
@: lethally poisoned (-5 -> -11)
A: reduced essence, almost no armour, amphibious, 8 rings, camouflage 1,
gelatinous body 1, (nimble swimmer 1), tentacles
a: Renounce Religion, Recall Ancestor, Ancestor Identity


You were on level 2 of the Dungeon.
You worshipped Hepliaklqana.
Hepliaklqana was aware of your devotion.
You visited 1 branch of the dungeon, and saw 6 of its levels.

You collected 155 gold pieces.
You spent 112 gold pieces at shops.

Inventory:

Hand Weapons
 a - a +0 mace (weapon)
 o - a +0 dagger of speed
Missiles
 i - 23 stones
 r - 4 poisoned darts
Armour
 p - a +0 hat (worn)
Jewellery
 u - a ring of protection from fire (left tentacle)
Wands
 f - a wand of digging (3)
 n - a wand of mindburst (14)
Scrolls
 b - a scroll of fog
 c - 2 scrolls of revelation
 d - 3 scrolls of fear
 g - 2 scrolls of identify {unknown}
 h - a scroll of enchant armour {unknown}
 j - a scroll of torment {unknown}
 m - 2 scrolls of poison {unknown}
 w - a scroll of enchant weapon {unknown}
 x - a scroll of noise {unknown}
 y - a scroll of teleportation {unknown}
Potions
 e - 2 potions of haste
 k - a potion of enlightenment {unknown}
 l - a potion of might {unknown}
 q - 2 potions of mutation {unknown}
 s - a potion of invisibility
 t - 2 potions of curing {unknown}
 v - a potion of degeneration {unknown}


   Skills:
 - Level 3.0 Fighting
 - Level 2.0 Maces & Flails
 + Level 4.4 Dodging
 - Level 6.6 Stealth


You had 3 spell levels left.
You didn't know any spells.
Your spell library contained the following spells:

 Spells                   Type           Power      Damage    Failure   Level
 Kiss of Death            Conj/Necr      0%         2d5       32%         1
 Confusing Touch          Hex            0%         N/A       69%         3
 Tukima's Dance           Hex            0%         N/A       69%         3
 Dispel Undead            Necr           0%         3d6       97%         4
 Passage of Golubria      Tloc           0%         N/A       97%         4
 Yara's Violent Unravell  Hex/Tmut       0%         3d3       100%        5


Dungeon Overview and Level Annotations

Branches:
Dungeon (6/15)
 Temple: D:4-7

Altars:
Hepliaklqana

Shops:
D:1 !   D:4 !

Annotations:
D:2 Crazy Yiuf
D:5 Edmund


Innate Abilities, Weirdness & Mutations

Your life essence is reduced to manifest your ancestor. (-10% HP)
You cannot wear most types of armour.
You are amphibious.
You can wear up to eight rings at the same time.
Your skin changes colour to match your surroundings (Stealth+).
Your rubbery body absorbs attacks. (AC +1, EV +1)
((You are camouflaged when in or above water. (Stealth+)))
You have tentacles for arms and can constrict up to eight enemies at once.


Message History

You swap places.
You see here a +0 club.
The helpless hobgoblin fails to defend itself.
You hit the hobgoblin. You grab the hobgoblin.
The hobgoblin is heavily wounded.
You constrict the hobgoblin, but do no damage.
The hobgoblin closely misses you.
You hit the hobgoblin.
You kill the hobgoblin!
You see here a hobgoblin corpse.
HP restored.
y - a scroll labelled EDIPHA MATO
Found a hammer.
Found a runed translucent door.
As you open the door, it creaks loudly!
You swap places.
Crazy Yiuf yells, "Peeping infinity shoe!"
Lylla hits Crazy Yiuf.
Crazy Yiuf hits Lylla with a +2 quarterstaff of chaos!
Lightning courses through Lylla!
Lylla is destroyed!
You hit Crazy Yiuf but do no damage. You grab Crazy Yiuf.
You squeeze Crazy Yiuf.
Crazy Yiuf is moderately wounded.
You constrict Crazy Yiuf, but do no damage.
Crazy Yiuf says, "Paint foot bush!"
Crazy Yiuf hits you with a +2 quarterstaff of chaos!
You are poisoned.
You hit Crazy Yiuf but do no damage. You squeeze Crazy Yiuf.
Crazy Yiuf is moderately wounded.
You constrict Crazy Yiuf.
You feel very sick. Crazy Yiuf barely misses you.
You hit Crazy Yiuf.
Crazy Yiuf is heavily wounded.
You constrict Crazy Yiuf.
* * * LOW HITPOINT WARNING * * *
You feel very sick.
Crazy Yiuf says, "Crazy?
Crazy!?
PORCUPINE!"
Crazy Yiuf hits you with a +2 quarterstaff of chaos!
You die...

#### ♣♣♣♣♣### #... ###
♣♣♣.♣..+.## #...
#...#♣..♣.P....## #...
#...g@♣♣♣♣PP....###...
#)..#♣♣ ♣♣P+.........
### ♣♣#######...
...... ###... #...
#### #... #...


You could see Crazy Yiuf.

Vanquished Creatures
  3 adders
  A worm (D:4)
  An orc (D:5)
  5 ball pythons
  5 endoplasms
  A giant cockroach (D:1)
  2 hobgoblins
  4 jackals (D:3)
  A quokka (D:1)
  4 bats (D:1)
  3 goblins
  4 kobolds
  3 rats
37 creatures vanquished.

Vanquished Creatures (collateral kills)
  A dart slug (D:1)
  A goblin (D:1)
2 creatures vanquished.

Vanquished Creatures (others)
  2 ancestors
2 creatures vanquished.

Grand Total: 41 creatures vanquished

Notes
Turn   | Place    | Note
-------+----------+-------------------------------------------
     0 | D:5      | Azuregosa the Octopode Delver began the quest for the Orb.
     0 | D:5      | Reached XP level 1. HP: 16/16 MP: 1/1
    30 | D:5      | Noticed a phantom
    34 | D:5      | Noticed a hound
    41 | D:5      | Noticed Edmund
    77 | D:4      | Found Adusis's Distillery.
   334 | D:4      | Reached XP level 2. HP: 21/21 MP: 2/2
   668 | D:3      | Reached XP level 3. HP: 26/26 MP: 3/3
   809 | D:1      | Found a faded altar of an unknown god.
   819 | D:1      | Prayed at the altar of an unknown god.
   819 | D:1      | Became a worshipper of Hepliaklqana the Forgotten
   819 | D:1      | Reached * piety under Hepliaklqana
   926 | D:1      | Found Leloca's Distillery.
  1081 | D:1      | Bought a potion of invisibility for 112 gold pieces
  1845 | D:1      | Reached XP level 4. HP: 27/27 MP: 4/4
  1943 | D:2      | Found a runed translucent door.
  1944 | D:2      | Noticed Crazy Yiuf
  1953 | D:2      | Slain by Crazy Yiuf

Illustrated notes

Levels and vault maps discovered:
D:1:      giann_horns, layout_loops_ring, serial_shops, shop_fountains,
          ebering_ecumenical_altar_mist
D:2:      minmay_general_purpose_star, layout_rooms, basic_altar,
          uniq_crazy_yiuf_cottage, uniq_jessica
D:3:      layout_loops_ring, nrook_mini_backslash
D:4:      layout_basic, yredelemnul_altar_generic, serial_shops,
          nicolae_shop_back_alley_shop
D:5:      layout_gridville, uniq_edmund
D:6:      layout_loops_cross, chequers_temple_overflow_statue_of_worship,
          amcnicky_altar_gilded, minmay_fractal_squares_5

Skill      XL: |  1  2  3 |
---------------+----------+-----
Dodging        | 3 4 |  4.4
Fighting       | |  3.0
Maces & Flails | |  2.0
Stealth        | |  6.6

Action                     |  1- 3 |  4- 6 || total
---------------------------+-------+-------++-------
  Melee: Mace              |    46 |    14 ||    60
         Tentacles         |     8 |     4 ||    12
         Constrict         |    11 |     4 ||    15
 Invoke: Ancestor Identity |     1 |       ||     1
   Stab: Sleeping          |    15 |     1 ||    16
 Armour: Skin              |    12 |     7 ||    19
  Dodge: Dodged            |    34 |    14 ||    48

Table legend: (Time is in decaauts)
 A = Elapsed time spent in this place.
 B = Non-inter-level travel time spent in this place.
 C = Inter-level travel time spent in this place.
 D = Time resting spent in this place.
 E = Time spent auto-exploring this place.
 F = Levels seen in this place.
 G = Mean time per level.
                   A        B        C        D        E       F      G
               +--------+--------+--------+--------+--------+-----+--------+
         Total |   1972 |   1972 |      0 |    369 |   1008 |   6 |  328.7 |
       Dungeon |   1972 |   1972 |      0 |    369 |   1008 |   6 |  328.7 |
               +--------+--------+--------+--------+--------+-----+--------+

Top non-repeatable levels by time:
     D:1: 1180 daAuts
     D:4: 471 daAuts
     D:3: 157 daAuts
     D:2: 94 daAuts
     D:5: 51 daAuts
     D:6: 17 daAuts
